AoeStats
← スカムバッグ

Nomad

507539654Analyzed
4v4 RM · 13d ago on Sep 18, 2026· 63m 48s· 8 players
Game mode
Random Map
Map size
231×231
Population
200
Speed
Normal
Resources
Standard
Victory
Conquest
Starting age
Dark Age
Ending age
Imperial Age
RankedLock teamsTeams togetherTeam positionsShared explorationLock speedFull tech treeHidden civsTurbo modeCheats
Victory
Defeat
🇸🇰 Mongols · Slovakia
997
+16
🇨🇿 Vikings · Czechia
996
+16
🇮🇩 Shu · Indonesia
942
+18
🇺🇸 Vietnamese · United States
934
+19
🇳🇱 Turks · Netherlands
1010
-18
🇧🇷 Huns · Brazil
1000
-17
🇨🇳 Koreans · China
989
-17
🇹🇷 Burgundians · Türkiye
988
-17
juanesto
4:32 Loom
14:40 Feudal Age
19:23 Castle Age
17:37 Scale Barding Armor
19:36 Double-Bit Axe
19:35 Horse Collar
20:57 Forging
21:33 Heavy Plow
29:43 Wheelbarrow
31:13 Wheelbarrow
36:33 Imperial Age
36:02 Husbandry
36:13 Bloodlines
41:28 Heavy Camel Rider
REPLICANT
14:39 Feudal Age
16:57 Double-Bit Axe
20:22 Bow Saw
20:38 Scale Barding Armor
20:45 Forging
20:53 Stone Mining
24:33 Castle Age
23:18 Bow Saw
23:01 Gold Mining
22:57 Horse Collar
24:33 Town Watch
26:51 Two-Man Saw
26:30 Husbandry
25:51 Cavalier
28:06 Stone Shaft Mining
30:05 Chain Barding Armor
30:21 Iron Casting
31:05 Heavy Plow
43:00 Gold Shaft Mining
47:29 Imperial Age
45:36 Crop Rotation
47:26 Ballistics
47:21 Murder Holes
47:07 Treadmill Crane
48:52 Plate Barding Armor
49:18 Blast Furnace
48:52 Conscription
49:20 Paladin
54:09 Masonry
58:19 Chemistry
57:53 Architecture
59:39 Coinage
Auditor
3:37 Loom
17:22 Feudal Age
19:29 Wheelbarrow
18:42 Double-Bit Axe
18:42 Fishing Lines
19:43 Gold Mining
24:17 Castle Age
22:46 Scale Barding Armor
22:52 Forging
22:43 Padded Archer Armor
22:34 Fletching
23:48 Bloodlines
24:21 Scale Mail Armor
25:17 Husbandry
27:13 Chain Barding Armor
27:13 Gillnets
28:32 Iron Casting
28:46 Leather Archer Armor
29:25 Thumb Ring
29:49 Elite Skirmisher
30:40 Squires
32:25 Marauders
34:59 Horse Collar
35:55 Bow Saw
37:21 Heavy Plow
39:43 Bodkin Arrow
40:03 Chain Mail Armor
42:31 Pikeman
42:57 Arson
45:02 Light Cavalry
48:30 Imperial Age
46:19 Hand Cart
49:20 Town Watch
52:05 Cavalier
53:59 Blast Furnace
53:24 Hussar
54:34 Paladin
58:33 Caravan
坦诚哥
11:47 Loom
16:10 Feudal Age
20:36 Castle Age
19:29 Double-Bit Axe
19:29 Fishing Lines
19:43 Fletching
21:55 Wheelbarrow
21:41 Gold Mining
23:49 Bow Saw
23:27 Elite Skirmisher
24:07 Horse Collar
26:43 Stone Mining
28:06 Town Watch
28:36 Hand Cart
28:29 Arson
29:22 Bodkin Arrow
31:56 Heavy Plow
35:34 Thumb Ring
36:13 Stone Shaft Mining
37:00 Gold Shaft Mining
38:08 Thumb Ring
39:00 Masonry
39:23 Eupseong
40:17 Scale Mail Armor
40:28 Forging
40:18 Scale Mail Armor
43:16 Imperial Age
41:17 Scale Mail Armor
41:27 Forging
42:32 Ballistics
42:23 Careening
42:15 Murder Holes
43:49 Squires
43:14 Pikeman
45:34 Two-Man Saw
44:58 Bracer
45:44 Conscription
45:19 Arrowslits
46:35 Chemistry
45:38 Elite War Wagon
46:58 Guilds
47:25 Architecture
47:06 Careening
48:01 Siege Engineers
48:22 Halberdier
48:47 Gambesons
49:39 Iron Casting
49:19 Chain Mail Armor
49:39 Iron Casting
49:20 Chain Mail Armor
50:18 Elite Turtle Ship
51:28 Shipwright
51:21 Clinker Construction
55:36 Man-at-Arms
56:49 Plate Mail Armor
Aballion
6:42 Loom
13:31 Feudal Age
14:06 Double-Bit Axe
19:14 Castle Age
19:36 Double-Bit Axe
21:55 Horse Collar
26:18 Fletching
26:33 Husbandry
28:54 Ballistics
30:55 Bodkin Arrow
31:05 Scale Barding Armor
37:22 Bloodlines
40:18 Imperial Age
38:34 Bow Saw
38:27 Heavy Plow
39:33 Wheelbarrow
42:24 Elite Mangudai
47:37 Conscription
48:15 Bracer
50:25 Stone Mining
50:25 Gold Mining
51:57 Stone Shaft Mining
53:27 Hand Cart
56:40 Chemistry
57:15 Chain Barding Armor
スカムバッグ
13:18 Feudal Age
21:10 Castle Age
23:57 Forging
32:17 Imperial Age
29:36 Horse Collar
31:46 Scale Mail Armor
33:26 Iron Casting
33:19 Squires
33:15 Gold Mining
35:25 Chieftains
36:07 Elite Berserk
38:07 Blast Furnace
37:23 Chain Mail Armor
42:20 Arson
43:23 Plate Mail Armor
46:38 Gold Shaft Mining
GrandMasterE
3:28 Loom
19:44 Feudal Age
20:31 Gold Mining
20:34 Stone Mining
20:27 Horse Collar
23:53 Wheelbarrow
23:31 Double-Bit Axe
26:34 Castle Age
26:40 Scale Barding Armor
26:46 Forging
26:27 Fletching
26:40 Padded Archer Armor
28:23 Pikeman
29:05 Squires
29:10 Scale Mail Armor
30:55 Iron Casting
31:56 Chain Mail Armor
38:43 Town Watch
39:21 Heavy Plow
41:29 Bloodlines
41:20 Husbandry
41:55 Hand Cart
44:08 Chain Barding Armor
49:46 Bodkin Arrow
54:18 Imperial Age
55:12 Leather Archer Armor
54:32 Elite Battle Elephant
55:38 Paper Money
57:01 Plate Barding Armor
57:16 Hoardings
57:39 Bow Saw
58:42 Bracer
59:13 Ring Archer Armor
59:39 Caravan
Paradise
7:12 Loom
15:39 Feudal Age
23:00 Castle Age
20:53 Fletching
23:06 Crossbowman
24:18 Bodkin Arrow
33:50 Thumb Ring
34:41 Horse Collar
37:07 Wheelbarrow
37:46 Padded Archer Armor
47:51 Imperial Age
50:25 Arbalester
57:13 Chemistry
56:19 Siege Engineers
56:38 Ballistics
60:25 Bracer
60:40 Leather Archer Armor
60:33 Bolt Magazine
64:34 Ring Archer Armor
Connection lost

Rejoining the realm…

Still unreachable

The connection could not be restored.

Session expired

The server has moved on; the page needs a fresh start.